 Dungeon Crawl Stone Soup version 0.29-a0-321-gf1c400731a (webtiles) character file.

Game seed: 18289455547734682150

1290 bande the Chopper (level 8, -7/49 HPs)
             Began as a Gargoyle Fighter on Apr 4, 2022.
             Mangled by an ogre
             ... wielding a +0 giant spiked club
              (8 damage)
             ... on level 5 of the Dungeon.
             The game lasted 00:07:38 (5157 turns).

bande the Chopper (Gargoyle Fighter)                Turns: 5157, Time: 00:07:39

Health: -7/49      AC: 16    Str: 19    XL:     8   Next: 55%
Magic:  8/8        EV:  7    Int:  8    God:
Gold:   212        SH: 11    Dex: 11    Spells: 7/7 levels left

rFire   + . .      SeeInvis .   a - +0 war axe
rCold   + . .      Faith    .   c - +1 buckler
rNeg    + + .      Spirit   .   u - +0 chain mail
rPois   ∞          Reflect  +   n - +0 helmet
rElec   +          Harm     .   i - scarf {rC+ rF+}
rCorr   .          Rampage  .   (no gloves)
Will    .....                   (no boots)
Stlth   ..........              q - amulet of reflection
HPRegen 0.16/turn               h - ring of positive energy
MPRegen 0.11/turn               (no ring)

@: no status effects
A: sickness immunity, AC +5, negative energy resistance 1, electricity
resistance, torment resistance 1, petrification resistance, weak 1
a: no special abilities


You were on level 5 of the Dungeon.
You visited 1 branch of the dungeon, and saw 5 of its levels.

You collected 212 gold pieces.

Inventory:

Hand Weapons
 a - a +0 war axe (weapon)
 t - a +0 flail
Armour
 c - a +1 buckler (worn)
 i - a scarf of resistance (worn)
 n - a +0 helmet (worn)
 u - a +0 chain mail (worn)
Jewellery
 b - an amulet of faith
 d - an amulet of guardian spirit
 g - a ring of positive energy
 h - a ring of positive energy (left hand)
 q - an amulet of reflection (around neck)
Scrolls
 e - a scroll of enchant armour
 j - a scroll of amnesia {unknown}
 o - 2 scrolls of teleportation
 p - 2 scrolls of fog
 r - a scroll of identify
Potions
 f - 2 potions of curing
 k - a potion of resistance
 l - 3 potions of flight
 m - a potion of ambrosia {unknown}
 s - a potion of haste {unknown}


   Skills:
 + Level 5.3 Fighting
 + Level 6.7 Axes
 + Level 5.7 Armour
 - Level 0.2 Dodging
 + Level 5.6 Shields


You had 7 spell levels left.
You didn't know any spells.
Your spell library contained the following spells:

 Spells                   Type           Power      Damage    Failure   Level
 Corpse Rot               Necr/Air       0%         N/A       100%        2
 Tukima's Dance           Hex            0%         N/A       100%        3
 Dispel Undead            Necr           0%         3d6       100%        4
 Passage of Golubria      Tloc           0%         N/A       100%        4
 Summon Ice Beast         Ice/Summ       0%         N/A       100%        4
 Summon Mana Viper        Hex/Summ       0%         N/A       100%        5
 Yara's Violent Unravell  Hex/Tmut       0%         3d3       100%        5
 Death Channel            Necr           0%         N/A       100%        6
 Monstrous Menagerie      Summ           0%         N/A       100%        7


Dungeon Overview and Level Annotations

Branches:
Dungeon (5/15)
 Temple: D:4-7

Altars:
Hepliaklqana
Ru

Shops:
D:1 [


Innate Abilities, Weirdness & Mutations

You are immune to sickness and miasma.
Your stone body is resilient. (AC +5)
You are immune to poison.
You resist negative energy. (rN+)
You are resistant to electric shocks. (rElec)
You are resistant to unholy torment.
You are immune to petrification.
You are weak. (Str -2)


Message History

The hound bites you but does no damage. x2
You closely miss the hound.
The hound is almost dead.
The hound barely misses you.
You closely miss the hound.
The hound is almost dead.
The hound bites you but does no damage. You block the hound's attack.
You miss the hound.
The hound is almost dead.
You block the hound's attack. x2
You slash the hound!
You kill the hound!
d - an amulet of guardian spirit You now have 212 gold pieces (gained 36).
Items here: ))))) [[[ ÷÷÷÷÷.
Okay, then.
Things that are here:
a +0 scythe; a +0 robe; the human skeleton of Sigmund
Found a scale mail.
An ogre comes into view. It is wielding a +0 giant spiked club.
The ogre shouts!
You hit the ogre.
The ogre is lightly wounded.
The ogre hits you with a +0 giant spiked club!!
Ouch! That really hurt!
You are too injured to fight recklessly!
You are too injured to fight recklessly!
You are too injured to fight recklessly!
You are too injured to fight recklessly!
You completely miss the ogre.
The ogre is lightly wounded.
The ogre hits you with a +0 giant spiked club!!
* * * LOW HITPOINT WARNING * * *
You barely miss the ogre.
The ogre is lightly wounded.
You block the ogre's attack.
You hit the ogre but do no damage.
The ogre is lightly wounded.
The ogre hits you with a +0 giant spiked club!
You die...

#.##..##)###'#
#.............
######.##..........
#......##..##.###.#
#.#...........# #
#.#.##.##..##.#
#.#.##.##..##.###
##O#..............
#..@............[.
###########.######
#.# #.# #.# .# .#


You could see an ogre.

Vanquished Creatures
  Pikel (D:5)
  Sigmund (D:5)
  An ogre (D:4)
  A necrophage (D:4)
  A scorpion (D:4)
  2 hounds
  2 orc priests
  A jelly (D:4)
  An iguana (D:4)
  6 orc wizards
  5 adders
  3 dart slugs
  15 orcs
  8 endoplasms
  2 giant cockroaches
  5 goblins
  6 hobgoblins
  15 jackals
  2 quokkas (D:1)
  4 ball pythons
  10 bats
  4 frilled lizards
  5 kobolds
  7 rats
108 creatures vanquished.

Notes
Turn   | Place    | Note
-------+----------+-------------------------------------------
     0 | D:1      | bande the Gargoyle Fighter began the quest for the Orb.
     0 | D:1      | Reached XP level 1. HP: 14/14 MP: 1/1
    97 | D:1      | Reached XP level 2. HP: 17/19 MP: 2/2
   106 | D:1      | Reached skill level 2 in Axes
   466 | D:1      | Reached XP level 3. HP: 23/23 MP: 3/3
   629 | D:1      | Found a faded altar of an unknown god.
   815 | D:1      | Found Feagyu's Armour Shoppe.
  1664 | D:3      | Reached XP level 4. HP: 29/29 MP: 4/4
  1758 | D:3      | Reached skill level 3 in Axes
  2085 | D:3      | Gained mutation: You are weak. (Str -2) [potion of
                  | mutation]
  2092 | D:3      | Found a sacrificial altar of Ru.
  2314 | D:3      | Reached XP level 5. HP: 33/33 MP: 5/5
  2696 | D:4      | Noticed an ogre
  2705 | D:4      | Killed an ogre
  2706 | D:4      | Reached skill level 4 in Axes
  2706 | D:4      | Reached XP level 6. HP: 13/38 MP: 6/6
  3479 | D:4      | Reached XP level 7. HP: 43/43 MP: 7/7
  3502 | D:4      | Reached skill level 5 in Axes
  4145 | D:4      | Found a hazy altar of Hepliaklqana.
  4242 | D:5      | Entered Level 5 of the Dungeon
  4347 | D:5      | Noticed Pikel
  4387 | D:5      | Killed Pikel
  4388 | D:5      | Reached skill level 5 in Fighting
  4388 | D:5      | Reached skill level 6 in Axes
  4388 | D:5      | Reached skill level 5 in Armour
  4388 | D:5      | Reached skill level 5 in Shields
  4388 | D:5      | Reached XP level 8. HP: 13/49 MP: 8/8
  4754 | D:5      | Noticed Sigmund
  4795 | D:5      | Killed Sigmund
  5155 | D:5      | HP: 1/49 [ogre/+0 giant spiked club (21)]
  5157 | D:5      | Mangled by an ogre

Illustrated notes

Levels and vault maps discovered:
D:1:      psy_arrival_heroes, layout_basic,
          hellmonk_ecumenical_altar_slurped_away, serial_shops,
          nicolae_shop_hallway_stairs, dreamdust_wishing_well,
          hangedman_abyss_or_decor_stabs
D:2:      layout_loops_ring
D:3:      layout_loops_ring, mainiacjoe_overflow_chevrons
D:4:      layout_loops_cross, nzn_hepliaklqana_mist_gate, chequers_arboretum,
          grunt_ministairs_4
D:5:      layout_basic, grunt_temple_overflow_open, goddamned_bats, uniq_pikel,
          uniq_sigmund

Skill      XL: |  1  2  3  4  5  6  7 |
---------------+----------------------+-----
Axes           | 2 3 4 6 |  6.7
Shields        | 4 5 |  5.6
Fighting       | 4 5 |  5.3
Armour         | 4 5 |  5.7
Dodging        | |  0.2

Action                   |  1- 3 |  4- 6 |  7- 9 || total
-------------------------+-------+-------+-------++-------
Melee: War axe           |   106 |   133 |   130 ||   369
  Use: Scroll            |     2 |     8 |       ||    10
       Potion            |       |     1 |     3 ||     4
Armor: Scale mail        |    65 |    69 |    40 ||   174
       Chain mail        |       |       |    45 ||    45
Dodge: Dodged            |    66 |    65 |    32 ||   163
Block: Buckler           |    32 |    81 |    54 ||   167
       Reflection        |     1 |       |     1 ||     2

Table legend: (Time is in decaauts)
 A = Elapsed time spent in this place.
 B = Non-inter-level travel time spent in this place.
 C = Inter-level travel time spent in this place.
 D = Time resting spent in this place.
 E = Time spent auto-exploring this place.
 F = Levels seen in this place.
 G = Mean time per level.
                   A        B        C        D        E       F      G
               +--------+--------+--------+--------+--------+-----+--------+
         Total |   5282 |   5162 |    120 |    941 |   3224 |   5 | 1056.4 |
       Dungeon |   5282 |   5162 |    120 |    941 |   3224 |   5 | 1056.4 |
               +--------+--------+--------+--------+--------+-----+--------+

Top non-repeatable levels by time:
     D:4: 1601 daAuts
     D:3: 1052 daAuts
     D:1: 1031 daAuts
     D:5: 930 daAuts
     D:2: 667 daAuts
